 Dungeon Crawl Stone Soup version 0.20.1-1-g8b1a95d (webtiles) character file.

73 rrRat the Skirmisher (level 4, -1/40 HPs)
             Began as a Draconian Berserker on Nov 7, 2017.
             Was a Believer of Trog.
             Slain by Grinder (9 damage)
             ... on level 3 of the Dungeon.
             The game lasted 00:04:37 (1286 turns).

rrRat the Skirmisher (Draconian Berserker)          Turns: 1286, Time: 00:04:37

Health: -1/40      AC:  5    Str: 20    XL:     4   Next: 8%
Magic:  4/4        EV: 13    Int:  8    God:    Trog [**....]
Gold:   64         SH:  0    Dex: 10    Spells: 3/3 levels left

rFire    x . .     SeeInvis +   a - +0 mace
rCold    + . .     Gourm    .   (no shield)
rNeg     . . .     Faith    .   (armour unavailable)
rPois    .         Spirit   .   (helmet restricted)
rElec    .         Reflect  .   (no cloak)
rCorr    .         Harm     .   (no gloves)
MR       .....                  (no boots)
Stlth    ++........             (no amulet)
Regen    0.2/turn               m - ring of ice
MPRegen  0.1/turn               p - ring of see invisible

@: no status effects
A: unfitting armour, cold-blooded, AC +5
a: Berserk, Trog's Hand, Burn Spellbooks, Renounce Religion


You were on level 3 of the Dungeon.
You worshipped Trog.
Trog was pleased with you.
You were not hungry.

You visited 1 branch of the dungeon, and saw 3 of its levels.

You collected 64 gold pieces.

Inventory:

Hand Weapons
 a - a +0 mace (weapon)
Jewellery
 m - a ring of ice (left hand)
 p - a ring of see invisible (right hand)
Scrolls
 d - 2 scrolls of identify {unknown}
 e - a scroll of fog {unknown}
 i - 3 scrolls of teleportation {unknown}
 j - a scroll of remove curse {unknown}
 l - a scroll of random uselessness {unknown}
 o - a scroll of enchant armour {unknown}
Potions
 c - a potion of ambrosia {unknown}
 h - a potion of invisibility {unknown}
 k - a potion of heal wounds {unknown}
Comestibles
 b - a bread ration
 f - a meat ration
 g - a royal jelly
 n - a chunk of flesh


   Skills:
 * Level 4.1 Fighting
 - Level 3.0 Maces & Flails
 * Level 3.6 Dodging
 * Level 1.4 Stealth


You had 3 spell levels left.
You didn't know any spells.

Dungeon Overview and Level Annotations

Branches:
Dungeon (3/15)

Altars:

Annotations:
D:3 Grinder


Innate Abilities, Weirdness & Mutations

Your plain brown scales are hard. (AC +5)
You cannot fit into any form of body armour.
You are cold-blooded and may be slowed by cold attacks.


Message History

The adder closely misses you. The kobold closely misses you.
The adder bites you but does no damage.
You closely miss the adder.
The adder is severely wounded.
The kobold hits you but does no damage. The adder bites you but does no damage.
Grinder misses you.
You miss the adder.
The adder is severely wounded.
The adder bites you but does no damage. The kobold misses you.
Grinder gestures at you. Pain shoots through your body!
* * * LOW HITPOINT WARNING * * *
The adder bites you but does no damage. The kobold closely misses you.
You sock the adder!
You kill the adder!
Trog accepts your kill.
You have reached level 4!
You feel clever. Grinder hits you!
You die...

#########
#.......#
#.....?.#
##.......#
......(.#
#.......#
##5.K....#
#(.@# #.###
..####### #.#
#.......###.#
#######..#..#
####..(.##
#.....### ###
###.....#
..###...#####


You could see Grinder and a kobold.

Vanquished Creatures
  4 adders
  An ooze (D:1)
  2 worms (D:2)
  2 giant cockroaches (D:2)
  3 goblins
  5 hobgoblins
  A kobold (D:1)
  A ball python (D:1)
  3 bats (D:1)
  6 frilled lizards
  4 rats
32 creatures vanquished.

Notes
Turn   | Place    | Note
-------+----------+-------------------------------------------
     0 | D:1      | rrRat the Draconian Berserker began the quest for the Orb.
     0 | D:1      | Reached XP level 1. HP: 19/19 MP: 1/1
     2 | D:1      | Noticed a centaur
     2 | D:1      | Noticed a vine stalker
     4 | D:1      | Noticed a draconian
     6 | D:1      | Noticed a dwarf
     6 | D:1      | Noticed a gargoyle
     8 | D:1      | Noticed a demigod
     8 | D:1      | Noticed a troll
    10 | D:1      | Noticed a demonspawn
    10 | D:1      | Noticed a vampire
    12 | D:1      | Noticed an elf
    15 | D:1      | Noticed a spriggan
    15 | D:1      | Noticed a ghoul
    17 | D:1      | Noticed an octopode
    19 | D:1      | Noticed a human
    19 | D:1      | Noticed a naga
    21 | D:1      | Noticed a minotaur
    21 | D:1      | Noticed a felid
    23 | D:1      | Noticed an ogre
    23 | D:1      | Noticed a tengu
    26 | D:1      | Noticed a merfolk
    26 | D:1      | Noticed a formicid
    28 | D:1      | Noticed a halfling
   145 | D:1      | Reached XP level 2. HP: 17/26 MP: 2/2
   324 | D:1      | Reached skill level 1 in Stealth
   523 | D:2      | Reached ** piety under Trog
   841 | D:2      | Reached XP level 3. HP: 33/33 MP: 3/3
  1207 | D:3      | Reached skill level 4 in Fighting
  1279 | D:3      | Noticed Grinder
  1286 | D:3      | Reached XP level 4. HP: 8/40 MP: 4/4
  1286 | D:3      | Slain by Grinder

Skill      XL: |  1  2  3 |
---------------+----------+-----
Dodging        | 3 |  3.6
Stealth        | 1 |  1.4
Fighting       | 4 |  4.1
Maces & Flails | |  3.0

Action                   |  1- 3 |  4- 6 || total
-------------------------+-------+-------++-------
Melee: Mace              |   104 |       ||   104
       Tailslap          |    11 |       ||    11
  Eat: Chunk             |     1 |       ||     1
Armor: Skin              |    35 |       ||    35
Dodge: Dodged            |    77 |       ||    77
